 Dungeon Crawl Stone Soup version 0.30-b1-2-g02819fbbbe (webtiles) character file.

Game seed: 18202703299884613411

1916 redmage the Geomancer (level 9, -1/62 HPs)
             Began as a Meteoran Earth Elementalist on Aug 8, 2023.
             Was a Believer of Sif Muna.
             Slain by an orc priest
             ... wielding a +0 short sword
              (4 damage)
             ... on level 9 of the Dungeon.
             The game lasted 00:21:14 (1274 turns).

redmage the Geomancer (Meteoran Earth Elementalist) Turns: 1274, Time: 00:21:14

Health: -1/62      AC:  7    Str: 10    XL:     9   Next: 66%
Magic:  25/25      EV: 11    Int: 21    God:    Sif Muna [**....]
Gold:   84         SH:  0    Dex: 15    Spells: 8/14 levels left

rFire   . . .        j - staff of earth
rCold   . . .        (no shield)
rNeg    . . .        s - +0 acid dragon scales
rPois   .            (no helmet)
rElec   .            (no cloak)
rCorr   +            (no gloves)
SInv    .            e - +0 pair of boots
Will    ++...        (no amulet)
Stlth   +            i - ring of magical power
HPRegen 0.30/turn    o - ring of willpower
MPRegen 0.19/turn

%: no passive effects
@: glowing
A: sense surroundings 2, otherworldly, glowing, explore regen
a: Renounce Religion, Channel Magic


You were on level 9 of the Dungeon.
You worshipped Sif Muna.
Sif Muna was pleased with you.
You visited 2 branches of the dungeon, and saw 10 of its levels.

You collected 109 gold pieces.
You spent 25 gold pieces at shops.

Inventory:

Hand Weapons
 c - a +3 scimitar
Missiles
 a - 2 boomerangs of dispersal
Armour
 e - a +0 pair of boots (worn)
 s - +0 acid dragon scales (worn)
Magical Staves
 j - a staff of earth (weapon)
Jewellery
 f - a ring of fire
 g - a ring of ice
 i - a ring of magical power (left hand)
 o - a ring of willpower (right hand)
Wands
 l - a wand of acid (12)
Scrolls
 h - 2 scrolls of silence {unknown}
 m - a scroll of torment {unknown}
 p - a scroll of blinking {unknown}
 q - a scroll of fog {unknown}
 r - a scroll of identify
Potions
 b - a potion of magic
 d - a potion of mutation
 k - 4 potions of curing


   Skills:
 - Level 2.4 Dodging
 - Level 1.4 Stealth
 - Level 3.0 Spellcasting
 - Level 8.0 Conjurations
 - Level 1.2 Transmutations
 + Level 9.1 Earth Magic
 + Level 8.1 Invocations


You had 8 spell levels left.
You knew the following spells:

 Your Spells              Type           Power      Damage    Failure   Level
a - Sandblast             Erth           100%       2d20      1%          1
b - Passwall              Tmut/Erth      30%        N/A       3%          2
c - Stone Arrow           Conj/Erth      100%       3d13      1%          3

Your spell library contained the following spells:

 Spells                   Type           Power      Damage    Failure   Level
 Petrify                  Tmut/Erth      37%        N/A       26%         4


Dungeon Overview and Level Annotations

Branches:
Dungeon (9/15) Zot: 4095   Temple (0/1) D:6            Lair (0/5) D:9
    Orc (1/2) D:9 Zot: 591

Altars:
Kikubaaqudgha
Sif Muna
Xom

Shops:
D:3 ?*?:   D:7 *


Innate Abilities, Weirdness & Mutations

You passively map the area around you.
You are easily found by Zot.
You glow in the dark.
You regain HP and MP as you explore.


Message History

a - 2 boomerangs of dispersal
Things that are here:
a +0 leather armour; a +0 whip
There is a staircase to the Orcish Mines here.
You climb downwards.
Welcome back to the Orcish Mines!
The orc shouts!
You hear a shout!
The orc hits you with a +2 short sword of electrocution.
You are electrocuted!!
The orc hits you with a +0 flail. The orc barely misses you.
The troll bites you but does no damage. The troll closely misses you.
The troll claws you!
There is a staircase back to the Dungeon, spattered with blood here.
The orc hits you but does no damage. x3; The troll bites you!
* * * LOW HITPOINT WARNING * * *
The troll claws you but does no damage. The troll claws you!
* * * LOW HITPOINT WARNING * * *
The orc priest hits you but does no damage.
You climb upwards.
Welcome back to the Dungeon!
There is a staircase to the Orcish Mines here.
The orc priest attacks as you move away!
The orc priest hits you with a +0 short sword.
* * * LOW HITPOINT WARNING * * *
The orc attacks as you move away!
The orc hits you with a +0 falchion of protection.
* * * LOW HITPOINT WARNING * * *
The orc hits you with a +0 flail.
* * * LOW HITPOINT WARNING * * *
You feel much better. The troll bites you!
* * * LOW HITPOINT WARNING * * *
The troll claws you but does no damage. The troll completely misses you.
The orc hits you with a +2 short sword of electrocution.
* * * LOW HITPOINT WARNING * * *
The orc hits you with a +0 flail.
* * * LOW HITPOINT WARNING * * *
The orc priest hits you but does no damage.
Okay, then.
The orc priest barely misses you. The orc hits you with a +0 flail.
* * * LOW HITPOINT WARNING * * *
The orc priest hits you but does no damage.
The orc priest hits you with a +0 short sword.
You die...

.........#
#.........#####
.........#
#...............,,
.........#
#...............
,........)#
#...###..####### ,
.......[)#####...#
#..#
########.........#
#..#
#..#####..###..#
#..# #...#..[.# *
#..# #@o.[....#
#..# #Too>....#
#..# ##o...[[.# *
#..# #8...8#.#
#..# ###'###.# * ,
#.....#.#
#.....#.# *
#.._..#.# *
#.....#.#


You could see a troll, an orc priest and 3 orcs.

Vanquished Creatures
  Grinder (D:5)
  Menkaure (D:4)
  An acid dragon (D:9)
  A water moccasin (D:7)
  An orc warrior (D:9)
  An ice beast (D:6)
  A sky beast (D:7)
  An ogre (D:7)
  A bullfrog (D:7)
  3 scorpions
  5 wights
  2 electric eels (D:6)
  2 howler monkeys
  A hound (D:5)
  2 jellies
  3 orc priests (D:9)
  Jessica (D:3)
  4 orc wizards
  2 gnolls (D:5)
  An adder (D:4)
  An ufetubus (D:5)
  3 worms
  2 dart slugs (D:3)
  12 orcs
  3 ball pythons
  2 endoplasms
  A giant cockroach (D:3)
  A goblin (D:3)
  3 hobgoblins (D:3)
  2 kobolds
  A bat (D:3)
  A frilled lizard (D:3)
  2 rats
69 creatures vanquished.

Vanquished Creatures (others)
  A fungus (D:5)
  A plant (D:6)
2 creatures vanquished.

Grand Total: 71 creatures vanquished

Notes
Turn   | Place    | Note
-------+----------+-------------------------------------------
     0 | D:1      | redmage the Meteoran Earth Elementalist began the quest for
                  | the Orb.
     0 | D:1      | Reached XP level 1. HP: 14/14 MP: 5/5
    39 | D:3      | Reached XP level 2. HP: 20/20 MP: 1/6
    40 | D:3      | Found Poifugo's Magic Scroll Emporium.
    86 | D:3      | Reached skill level 4 in Earth Magic
   103 | D:3      | Found Rety's Assorted Antiques.
   135 | D:3      | Reached XP level 3. HP: 26/26 MP: 4/8
   138 | D:3      | Learned a level 2 spell: Passwall
   144 | D:3      | Learned a level 3 spell: Stone Arrow
   216 | D:3      | Found Bogevica's Magic Scroll Shoppe.
   220 | D:3      | Found Taant's Book Shop.
   230 | D:3      | Found a shimmering blue altar of Sif Muna.
   230 | D:3      | Found a shimmering altar of Xom.
   231 | D:3      | Found an ancient bone altar of Kikubaaqudgha.
   237 | D:3      | Became a worshipper of Sif Muna the Loreminder
   256 | D:3      | Noticed Jessica
   261 | D:3      | Killed Jessica
   262 | D:3      | Reached XP level 4. HP: 33/33 MP: 6/9
   366 | D:4      | Reached skill level 5 in Earth Magic
   379 | D:4      | Noticed a scorpion
   382 | D:4      | Killed a scorpion
   383 | D:4      | Reached skill level 1 in Invocations
   383 | D:4      | Reached XP level 5. HP: 35/38 MP: 9/10
   402 | D:4      | Noticed Menkaure
   409 | D:4      | Killed Menkaure
   410 | D:4      | Reached XP level 6. HP: 45/45 MP: 11/11
   443 | D:3      | Bought a yellow potion for 25 gold pieces
   501 | D:4      | Reached XP level 7. HP: 50/50 MP: 12/12
   505 | D:4      | Reached skill level 5 in Conjurations
   511 | D:5      | Entered Level 5 of the Dungeon
   570 | D:5      | Noticed Grinder
   578 | D:5      | Killed Grinder
   579 | D:5      | Reached skill level 6 in Earth Magic
   616 | D:5      | Reached XP level 8. HP: 52/57 MP: 13/13
   635 | D:5      | Reached * piety under Sif Muna
   765 | D:6      | Reached skill level 5 in Invocations
   768 | D:6      | Found a staircase to the Ecumenical Temple.
   804 | D:7      | Reached skill level 7 in Earth Magic
   815 | D:7      | Found Vesiog's Elemental Accessories.
   863 | D:7      | Gained mutation: You passively map the area around you.
                  | [Meteoran growth]
   863 | D:7      | Reached XP level 9. HP: 53/62 MP: 11/14
   953 | D:8      | Noticed a manticore
  1098 | D:8      | Reached skill level 8 in Earth Magic
  1136 | D:8      | Reached ** piety under Sif Muna
  1176 | D:9      | Found a staircase to the Orcish Mines.
  1222 | Orc:1    | Entered Level 1 of the Orcish Mines
  1222 | Orc:1    | Noticed a troll
  1230 | D:9      | Reached skill level 9 in Earth Magic
  1242 | D:9      | Found a staircase to the Lair.
  1270 | D:9      | HP: 3/62 [orc/+0 flail (3)]
  1274 | D:9      | Slain by an orc priest

Illustrated notes

Levels and vault maps discovered:
D:1:      dpeg_arrival_pits, layout_loops_ring, hex_tiny, minmay_hedge_maze
D:2:      minmay_chambers_of_ones, layout_basic, kennysheep_pointless_box,
          minmay_pentomino_s4
D:3:      layout_loops_ring, gammafunk_temple_overflow_claw, serial_shops, shop,
          shop, nicolae_book_shop_shelving, nicolae_shop_tiny_waterfront,
          nicolae_shop_crystal, uniq_robin, uniq_jessica
D:4:      layout_rooms, uniq_menkaure
D:5:      layout_layer_cave, dreamdust_gnoll_farm, uniq_grinder
D:6:      layout_loops_ring, minmay_temple_entry_hall, gammafunk_ghost_smash,
          serial_bayou_lake_a
D:7:      kennysheep_seaside_town, layout_loops_ring, nicolae_elemental_shop
D:8:      layout_loops_ring, serial_shops, nicolae_lakefront_shop,
          kennysheep_small_circle
D:9:      layout_long_grid, lair_entry_dummy, minmay_orc_entry_temple_small
Orc:1:    layout_caves, basic_altar, nicolae_shop_gadgets

Skill      XL: |  1  2  3  4  5  6  7  8  9 |
---------------+----------------------------+-----
Earth Magic    | 4 5 6 7 9 |  9.1
Spellcasting   | 3 |  3.0
Conjurations   | 2 3 4 6 8 |  8.0
Invocations    | 1 2 3 4 5 8 |  8.1
Dodging        | |  2.4
Stealth        | |  1.4
Transmutations | |  1.2

Action                     |  1- 3 |  4- 6 |  7- 9 || total
---------------------------+-------+-------+-------++-------
  Melee: Unarmed           |       |       |     1 ||     1
   Cast: Sandblast         |    23 |    16 |    23 ||    62
         Stone Arrow       |       |     7 |    55 ||    62
         Passwall          |       |       |     3 ||     3
    Use: Scroll            |       |       |     7 ||     7
         Potion            |       |       |     3 ||     3
 Armour: Robe              |       |     3 |     4 ||     7
         Acid dragon scale |       |       |    10 ||    10
  Dodge: Dodged            |     3 |     2 |    23 ||    28
